 Dungeon Crawl Stone Soup version 0.19-a0-1834-g6b7851e (webtiles) character file.

952 KarmaPolice the Slasher (level 7, 0/55 HPs)
             Began as a Vampire Gladiator on Oct 8, 2016.
             Was an Initiate of Qazlal.
             Slain by Grinder (7 damage)
             ... while paralysed by Grinder
             ... on level 5 of the Dungeon.
             The game lasted 00:18:14 (8176 turns).

KarmaPolice the Slasher (Vampire Gladiator)         Turns: 8176, Time: 00:18:15

Health: 0/55       AC:  7    Str: 16    XL:     7   Next: 90%
Magic:  7/7        EV:  2    Int: 10    God:    Qazlal [......]
Gold:   182        SH:  0    Dex: 15    Spells: 0 memorised, 6 levels left

rFire  . . .     SeeInvis +     a - +0 long sword
rCold  + + +     Gourm    .     b - +0 leather armour
rNeg   + + +     Faith    .     (no shield)
rPois  ∞         Spirit   .     c - +0 helmet
rElec  .         Dismiss  .     (no cloak)
rCorr  .         Reflect  .     n - +0 pair of gloves
MR     +....     Harm     .     y - +0 pair of boots
Stlth  +++.......               (no amulet)
                                s - ring of protection from cold
                                i - ring of protection from magic

@: paralysed, bloodless, non-regenerating
A: fangs 3, see invisible, unbreathing
a: Bat Form, Renounce Religion


You were on level 5 of the Dungeon.
You worshipped Qazlal.
Qazlal was noncommittal.
You were bloodless.

You visited 2 branches of the dungeon, and saw 6 of its levels.

You collected 182 gold pieces.

Inventory:

Hand Weapons
 a - a +0 long sword (weapon)
Missiles
 d - 2 throwing nets (quivered)
Armour
 b - a +0 leather armour (worn)
 c - a +0 helmet (worn)
 n - a +0 pair of gloves (worn)
 y - a +0 pair of boots (worn)
Jewellery
 i - a ring of protection from magic (left hand)
 p - an uncursed amulet of rage {unknown}
 s - a ring of protection from cold (right hand)
 t - a cursed amulet of rage {unknown}
Wands
 e - a wand of iceblast (6/15)
Scrolls
 f - a scroll of enchant weapon {unknown}
 j - a scroll of teleportation {unknown}
 k - 3 scrolls of noise {unknown}
 l - a scroll of identify {unknown}
 q - 3 scrolls of remove curse {unknown}
 u - a scroll of enchant armour {unknown}
 v - a scroll of random uselessness {unknown}
 x - a scroll of immolation {unknown}
Potions
 g - a potion of haste {unknown}
 h - a potion of heal wounds {unknown}
 m - 2 potions of curing {unknown}
 o - 3 potions of resistance {unknown}
 r - a potion of flight {unknown}
 w - a potion of degeneration {unknown}


   Skills:
 + Level 4.6 Fighting
 + Level 5.7 Long Blades
 - Level 1.5 Throwing
 + Level 3.7 Armour
 - Level 5.0 Dodging


You had 6 spell levels left.
You didn't know any spells.

Dungeon Overview and Level Annotations

Branches:
Dungeon (5/15)             Temple (1/1) D:5

Altars:
Ashenzari
Cheibriados
Dithmenos
Elyvilon
Fedhas
Gozag
Hepliaklqana
Kikubaaqudgha
Makhleb
Nemelex Xobeh
Okawaru
Qazlal
Ru
Sif Muna
Trog
Uskayaw
Vehumet
Zin
The Shining One

Annotations:
D:4 Edmund, Eustachio
D:5 Grinder


Innate Abilities, Weirdness & Mutations

You do not heal naturally.
You are immune to poison.
You have razor-sharp teeth.
You have supernaturally acute eyesight. (SInv)
You can survive without breathing.


Message History

Grinder hits you!
You hit Grinder. Your bite misses Grinder.
Grinder is moderately wounded.
Grinder gestures at you.
You easily resist.
You hit Grinder.
Grinder is heavily wounded.
Grinder closely misses you.
You barely miss Grinder. Your bite misses Grinder.
Grinder is heavily wounded.
Grinder gestures at you.
You suddenly lose the ability to move!
Grinder hits you!
* * * LOW HITPOINT WARNING * * *
Grinder hits you!
* * * LOW HITPOINT WARNING * * *
Grinder hits you but does no damage. x2
Grinder says, "Tell me all your secrets, or I'll kill you."
Grinder hits you!
You die...

.<..........#.#
#######.....#.#
## # #####.#.#
.. # ###.#.# .#
# #...#.# .# #
#.###.# .###
#.# #.# ... #.#
#.###.##### #.#
#.#.@.....# #.#
#.#.#5###.# #.#
#.#.#.# #.#
#.#.#.# #.#
#.#.#.#
#.###.#.#.#
#.......#..
#####.#########
#........).


You could see Grinder.

Vanquished Creatures
  Sigmund (D:3)
  Menkaure (D:4)
  2 phantoms (D:4)
  2 ogres (D:4)
  A scorpion (D:5)
  A hound (D:4)
  A bullfrog skeleton (D:4)
  An orc wizard (D:4)
  3 worker ants
  6 adders
  5 worms
  A dart slug (D:4)
  3 leopard geckos
  7 orcs
  5 giant cockroaches
  5 goblins
  9 hobgoblins
  3 quokkas
  A ball python (D:1)
  7 bats
  3 frilled lizards
  A jackal skeleton (D:5)
  13 kobolds
  6 rats
88 creatures vanquished.

Notes
Turn   | Place    | Note
-------+----------+-------------------------------------------
     0 | D:1      | KarmaPolice the Vampire Gladiator began the quest for the Orb.
     0 | D:1      | Reached XP level 1. HP: 16/16 MP: 1/1
   144 | D:1      | Reached XP level 2. HP: 21/22 MP: 2/2
   521 | D:1      | Reached XP level 3. HP: 22/27 MP: 3/3
  1585 | D:2      | Found a hazy altar of Hepliaklqana.
  1616 | D:2      | Reached skill level 1 in Armour
  1683 | D:2      | Reached XP level 4. HP: 32/34 MP: 4/4
  2077 | D:3      | Noticed Sigmund
  2839 | D:3      | Killed Sigmund
  2839 | D:3      | Reached XP level 5. HP: 21/41 MP: 5/5
  3923 | D:3      | Reached XP level 6. HP: 47/47 MP: 6/6
  4050 | D:4      | Reached skill level 5 in Dodging
  4289 | D:4      | Reached XP level 7. HP: 30/53 MP: 7/7
  5272 | D:4      | Reached skill level 5 in Long Blades
  5539 | D:4      | Noticed Eustachio
  6086 | D:4      | Noticed Edmund
  6618 | D:4      | Noticed Menkaure
  7044 | D:4      | Killed Menkaure
  7382 | D:5      | Entered Level 5 of the Dungeon
  7708 | D:5      | Found a staircase to the Ecumenical Temple.
  7718 | Temple   | Entered the Ecumenical Temple
  7725 | Temple   | Became a worshipper of Qazlal Stormbringer
  8158 | D:5      | Noticed Grinder
  8171 | D:5      | Paralysed by Grinder for 6 turns
  8176 | D:5      | Slain by Grinder

Vault maps used:
D:1:      saegor_arrival_simple_a, minmay_split_cup_small
D:2:      overflow_temple_1_default, st_stairs_14
D:3:      first_bread, uniq_sigmund
D:4:      minmay_wonky_spiral, uniq_menkaure, uniq_edmund, uniq_eustachio
D:5:      uniq_grinder
Temple:   nicolae_temple_no_exploring_needed

Skill      XL: |  1  2  3  4  5  6  7 |
---------------+----------------------+-----
Fighting       | 2 3 4 |  4.6
Armour         | 1 2 3 |  3.7
Dodging        | 4 5 |  5.0
Long Blades    | 4 5 |  5.7
Throwing       | |  1.5

Action                   |  1- 3 |  4- 6 |  7- 9 || total
-------------------------+-------+-------+-------++-------
Melee: Long sword        |    87 |    97 |   168 ||   352
       Bite              |     5 |     9 |    23 ||    37
       Unarmed           |       |       |     4 ||     4
Throw: Throwing net      |       |       |     1 ||     1
 Abil: End Transformatio |       |     1 |     6 ||     7
       Bat Form          |       |     1 |     6 ||     7
  Use: Potion            |       |     4 |     7 ||    11
 Stab: Sleeping          |     1 |     7 |     4 ||    12
       Distracted        |       |     2 |       ||     2
  Eat: Corpse            |       |     1 |     1 ||     2
Armor: Leather armour    |    34 |    10 |    46 ||    90
Dodge: Dodged            |    62 |    76 |   170 ||   308
       Rpst.: Long sword |    15 |    31 |    37 ||    83
